 Dungeon Crawl Stone Soup version 0.26-a0-188-ga22346179c (webtiles) character file.

Game seed: 3534497425593063241

1154 BritishOli the Skirmisher (level 8, -1/65 HPs)
             Began as a Demonspawn Gladiator on July 4, 2020.
             Killed by nerve-wracking pain
             ... invoked by Menkaure
              (11 damage)
             ... on level 6 of the Dungeon.
             The game lasted 00:07:33 (5646 turns).

BritishOli the Skirmisher (Demonspawn Gladiator)    Turns: 5646, Time: 00:07:34

Health: -1/65      AC: 13    Str: 16    XL:     8   Next: 16%
Magic:  8/8        EV:  6    Int:  9    God:
Gold:   190        SH:  0    Dex: 16    Spells: 7/7 levels left

rFire    + . .     SeeInvis .   b - +1 short sword (venom)
rCold    + . .     Faith    .   (no shield)
rNeg     . . .     Spirit   .   B - +0 plate armour
rPois    .         Reflect  .   c - +0 helmet
rElec    .         Harm     .   (no cloak)
rCorr    .                      (no gloves)
MR       .....                  (no boots)
Stlth    ..........             (no amulet)
HPRegen  0.20/turn              k - ring of protection from cold (curse)
MPRegen  0.11/turn              m - ring of protection from fire

@: no status effects
A: talons 2, demonic guardian 1, powered by pain 1
a: no special abilities


You were on level 6 of the Dungeon.
You were not hungry.

You visited 1 branch of the dungeon, and saw 6 of its levels.

You collected 393 gold pieces.
You spent 203 gold pieces at shops.

Inventory:

Hand Weapons
 b - a +1 short sword of venom (weapon)
Missiles
 d - 3 throwing nets (quivered)
Armour
 c - a +0 helmet (worn)
 B - a +0 plate armour (worn)
Jewellery
 a - an uncursed ring of wizardry
 k - a cursed ring of protection from cold (left hand)
 m - a ring of protection from fire (right hand)
 w - an uncursed ring of magical power
Wands
 y - a wand of enslavement (4)
Scrolls
 j - a scroll of magic mapping {unknown}
 n - a scroll of fog {unknown}
 p - a scroll of remove curse {unknown}
 q - a scroll of holy word {unknown}
 r - 2 scrolls of noise {unknown}
 t - 3 scrolls of teleportation
 v - a scroll of amnesia {unknown}
 A - 2 scrolls of enchant armour {unknown}
 C - 2 scrolls of blinking
 D - 4 scrolls of identify
Potions
 e - a potion of haste
 g - a potion of ambrosia
 i - a potion of cancellation
 l - a potion of might
 o - 2 potions of degeneration
 s - a potion of lignification
 u - 2 potions of heal wounds
 x - a potion of resistance {unknown}
 z - 2 potions of flight {unknown}
Comestibles
 f - 11 rations


   Skills:
 + Level 6.8 Fighting
   Level 3.2 Long Blades
 - Level 2.0 Throwing
 * Level 5.8 Armour
 - Level 3.0 Dodging


You had 7 spell levels left.
You didn't know any spells.
Your spell library contained the following spells:

 Spells                   Type           Power        Failure   Level  Hunger
 Freeze                   Ice            #...         100%        1    ##.....
 Confusing Touch          Hex            #.......     100%        3    ####...
 Frozen Ramparts          Ice            #.....       100%        3    ####...
 Gell's Gravitas          Tloc           #.........   100%        3    ####...
 Ozocubu's Armour         Chrm/Ice       #.......     100%        3    ####...
 Hailstorm                Conj/Ice       #.......     100%        4    #####..
 Petrify                  Tmut/Erth      #.......     100%        4    #####..
 Summon Ice Beast         Ice/Summ       #.......     100%        4    #####..
 Metabolic Englaciation   Hex/Ice        #.........   100%        5    ######.
 Yara's Violent Unravell  Hex/Tmut       #.........   100%        5    ######.


Dungeon Overview and Level Annotations

Branches:
Dungeon (6/15)
 Temple: D:4-7

Altars:

Shops:
D:5 ?

Annotations:
D:5 1 runed translucent door, cantrip's ghost, novice HOFi
D:6 Menkaure


Innate Abilities, Weirdness & Mutations

You have razor-sharp toenails.
A weak demonic guardian rushes to your aid.
You sometimes gain a little power by taking damage.


Message History

Menkaure is severely damaged.
Menkaure hits you!
* * * LOW HITPOINT WARNING * * *
Your quasit misses the worker ant. x2
Your quasit claws the worker ant but does no damage.
The worker ant bites your quasit.
Your plate armour prevents you from hitting Menkaure.
You claw Menkaure, but do no damage.
Menkaure is severely damaged.
Your quasit bites the worker ant but does no damage.
Your quasit claws the worker ant but does no damage. x2
The worker ant bites your quasit. Menkaure hits you.
* * * LOW HITPOINT WARNING * * *
You feel better.
Your quasit bites the worker ant but does no damage.
Your quasit claws the worker ant but does no damage. x2
The worker ant barely misses your quasit.
Menkaure points at you and mumbles some strange words.
Pain shoots through your body!
You die...

.#......# .........#..#
.#......# ..
.........'..# .+......#
.. .........#..# ## . .#
..###..###'#
..######.###..###..##...
.......a.......#....#...
.......5.......#....#...
........M......#....+...
#@# #....#...
##.########'#####+#
#..................
#..................
#..................
#..................
#..##....########..
###..##....## .
#...........#


You could see Menkaure, a worker ant and a friendly quasit (summoned, very
poisoned).

Vanquished Creatures
  Duvessa (D:5)
  A sky beast (D:5)
  An ice beast (D:5)
  A centaur (D:5)
  An ogre (D:5)
  Dowan (D:5)
  A scorpion (D:5)
  A howler monkey (D:3)
  A jelly (D:5)
  3 orc priests (D:5)
  A centaur zombie (D:5)
  4 orc wizards
  A worker ant (D:5)
  Robin (D:2)
  4 adders
  2 shadow imps (D:5)
  2 oozes (D:1)
  An adder zombie (D:5)
  2 worms
  5 dart slugs
  4 leopard geckos
  11 orcs
  2 bats
  A giant cockroach (D:3)
  8 goblins
  7 hobgoblins
  4 jackals (D:2)
  3 frilled lizards
  A jackal zombie (D:5)
  4 kobolds
  5 rats
85 creatures vanquished.

Vanquished Creatures (collateral kills)
  A black bear (D:4)
  A scorpion (D:4)
  2 hounds
  2 orc priests
  An iguana (D:5)
  An adder skeleton (D:4)
  A leopard gecko (D:5)
  3 orcs (D:5)
  A quokka (D:4)
  A frilled lizard (D:5)
  A quokka zombie (D:5)
15 creatures vanquished.

Grand Total: 100 creatures vanquished

Notes
Turn   | Place    | Note
-------+----------+-------------------------------------------
     0 | D:1      | BritishOli the Demonspawn Gladiator began the quest for the
                  | Orb.
     0 | D:1      | Reached XP level 1. HP: 16/16 MP: 1/1
   154 | D:1      | Gained mutation: A weak demonic guardian rushes to your
                  | aid. [demonic ancestry]
   154 | D:1      | Reached XP level 2. HP: 13/22 MP: 2/2
   172 | D:1      | HP: 1/22 [leopard gecko (5)]
  1110 | D:2      | Reached XP level 3. HP: 28/28 MP: 3/3
  1114 | D:2      | Reached skill level 1 in Armour
  1210 | D:2      | Noticed Robin
  1226 | D:2      | Killed Robin
  2145 | D:3      | Gained mutation: You have sharp toenails. [demonic
                  | ancestry]
  2145 | D:3      | Reached XP level 4. HP: 30/34 MP: 4/4
  2211 | D:3      | Reached skill level 3 in Fighting
  2673 | D:4      | Reached XP level 5. HP: 35/41 MP: 5/5
  2764 | D:4      | Noticed a black bear
  2771 | D:4      | Killed a black bear
  2771 | D:4      | Reached skill level 4 in Fighting
  3202 | D:4      | Reached XP level 6. HP: 32/48 MP: 6/6
  3506 | D:5      | Entered Level 5 of the Dungeon
  3881 | D:5      | Reached skill level 5 in Fighting
  3881 | D:5      | Gained mutation: You sometimes gain a little power by
                  | taking damage. [demonic ancestry]
  3881 | D:5      | Reached XP level 7. HP: 6/56 MP: 7/7
  4267 | D:5      | Found a runed translucent door.
  4271 | D:5      | Noticed cantrip's ghost (novice HOFi)
  4614 | D:5      | Reached skill level 6 in Fighting
  4614 | D:5      | Reached skill level 5 in Armour
  5171 | D:5      | Found Ytrioffu's Magic Scroll Emporium.
  5181 | D:5      | Gained mutation: You have razor-sharp toenails. [demonic
                  | ancestry]
  5181 | D:5      | Reached XP level 8. HP: 50/65 MP: 8/8
  5271 | D:5      | Bought a scroll of identify for 28 gold pieces
  5271 | D:5      | Bought a scroll of teleportation for 42 gold pieces
  5271 | D:5      | Bought a scroll of blinking for 105 gold pieces
  5271 | D:5      | Bought a scroll of identify for 28 gold pieces
  5284 | D:5      | Noticed Duvessa
  5284 | D:5      | Noticed Dowan
  5299 | D:5      | Killed Duvessa
  5300 | D:5      | Killed Dowan
  5638 | D:6      | Noticed Menkaure
  5645 | D:6      | HP: 3/65 [Menkaure (5)]
  5646 | D:6      | Killed from afar by Menkaure

Illustrated notes

Levels and vault maps discovered:
D:1:      lightli_arrival_statue_moat, layout_rooms
D:2:      layout_loops_ring, guppyfry_early_lair_pool, uniq_robin
D:3:      layout_loops_ring, first_ration
D:4:      black_bear_nest_1, layout_rooms
D:5:      layout_cave_pools, serial_shops, shop_coins,
          ebering_ghost_reflecting_pool, uniq_duvessa
D:6:      layout_gridville, minmay_temple_entry_glass, uniq_menkaure

Skill      XL: |  1  2  3  4  5  6  7 |
---------------+----------------------+-----
Throwing       | 2 |  2.0
Dodging        | 3 |  3.0
Long Blades    | 3 |  3.2
Armour         | 1 2 3 4 5 |  5.8
Fighting       | 3 4 5 6 |  6.8

Action                   |  1- 3 |  4- 6 |  7- 9 || total
-------------------------+-------+-------+-------++-------
Melee: Long sword        |    67 |       |       ||    67
       Short sword       |    24 |   111 |   105 ||   240
       Kick              |       |    33 |    36 ||    69
  Use: Potion            |     1 |     1 |     1 ||     3
       Scroll            |       |       |     7 ||     7
 Stab: Distracted        |       |       |     2 ||     2
  Eat: Chunk             |     4 |     5 |     6 ||    15
Armor: Leather armour    |    15 |       |       ||    15
       Scale mail        |    15 |    53 |    45 ||   113
       Ring mail         |     3 |       |       ||     3
Dodge: Dodged            |    67 |    81 |    59 ||   207
       Rpst.: Long sword |    28 |       |       ||    28

Table legend:
 A = Non-vault XP
 B = Vault XP
 C = Vault XP percentage of total XP
 D = Non-vault monster count
 E = Vault monster count
 F = Vault count percentage of total count
                 A         B        C        D         E       F
            +---------+---------+-------+---------+---------+-------
      Total |    1340 |     309 |  18.7 |      90 |      10 |  10.0
            +---------+---------+-------+---------+---------+-------
        D:1 |      40 |       0 |   0.0 |      14 |       0 |   0.0
        D:2 |      22 |      27 |  55.1 |      11 |       7 |  38.9
        D:3 |     106 |       0 |   0.0 |      15 |       0 |   0.0
        D:4 |     154 |      79 |  33.9 |      12 |       1 |   7.7
        D:5 |    1005 |     203 |  16.8 |      37 |       2 |   5.1
        D:6 |      13 |       0 |   0.0 |       1 |       0 |   0.0
            +---------+---------+-------+---------+---------+-------
